 Dungeon Crawl Stone Soup version 0.30-a0-782-ge64f9170bb (webtiles) character file.

Game seed: 4574967513485413631

620 mopl the Vexing (level 7, -4/36 HPs)
             Began as a Deep Elf Enchanter on Mar 13, 2023.
             Slain by Pikel
             ... wielding a +2 whip of flaming
              (7 damage)
             ... on level 4 of the Dungeon.
             The game lasted 00:08:19 (3485 turns).

mopl the Vexing (Deep Elf Enchanter)                Turns: 3485, Time: 00:08:19

Health: -4/36      AC:  6    Str:  5    XL:     7   Next: 22%
Magic:  9/18       EV: 12    Int: 22    God:
Gold:   184        SH:  0    Dex: 15    Spells: 7/18 levels left

rFire   . . .      SeeInvis .    a - +2 dagger (holy)
rCold   . . .      Faith    .    (no shield)
rNeg    + . .      Spirit   .    m - +2 robe
rPois   .          Reflect  .    (no helmet)
rElec   .          Harm     .    x - +0 cloak
rCorr   .          Rampage  .    (no gloves)
Will    .....                    s - +0 pair of boots
Stlth   +++                      (no amulet)
HPRegen 0.26/turn                k - ring of positive energy
MPRegen 0.16/turn                (no ring)

@: confusing by touch
A: no striking features
a: no special abilities


You were on level 4 of the Dungeon.
You visited 1 branch of the dungeon, and saw 4 of its levels.
You also visited: Sewer.

You collected 184 gold pieces.

Inventory:

Hand Weapons
 a - a +2 dagger of holy wrath (weapon)
Missiles
 b - 2 poisoned darts
Armour
 m - a +2 robe (worn)
 s - a +0 pair of boots (worn)
 t - an orb of wrath
 x - a +0 cloak (worn)
Jewellery
 k - a ring of positive energy (left hand)
Wands
 v - a wand of light (10)
Scrolls
 h - 2 scrolls of identify {unknown}
 i - 3 scrolls of teleportation {unknown}
 j - a scroll of immolation {unknown}
 n - 2 scrolls of amnesia {unknown}
 r - a scroll of blinking {unknown}
 u - 3 scrolls of enchant armour {unknown}
 w - a scroll of poison {unknown}
 y - a scroll of magic mapping {unknown}
Potions
 c - 3 potions of invisibility
 d - 2 potions of flight {unknown}
 e - a potion of brilliance {unknown}
 f - 2 potions of heal wounds {unknown}
 g - a potion of resistance {unknown}
 l - a potion of lignification {unknown}
 o - a potion of ambrosia {unknown}
 p - a potion of attraction {unknown}
 q - a potion of curing {unknown}


   Skills:
 + Level 3.8 Short Blades
 - Level 2.4 Dodging
 + Level 6.2 Stealth
 + Level 6.0 Spellcasting
 + Level 6.5 Hexes


You had 7 spell levels left.
You knew the following spells:

 Your Spells              Type           Power      Damage    Failure   Level
a - Dazzling Flash        Conj/Hex       40%        N/A       7%          3
b - Ensorcelled Hibernat  Hex/Ice        40%        N/A       3%          2
c - Confusing Touch       Hex            35%        N/A       1%          3
d - Tukima's Dance        Hex            35%        N/A       1%          3

Your spell library contained the following spells:

 Spells                   Type           Power      Damage    Failure   Level
 Beastly Appendage        Tmut           12%        N/A       9%          1
 Wereblood                Tmut           6%         N/A       14%         2
 Spider Form              Tmut/Pois      6%         N/A       26%         3


Dungeon Overview and Level Annotations

Branches:
Dungeon (4/15)              Sewer (visited)
 Temple: D:4-7

Altars:
Okawaru

Annotations:
D:4 Menkaure, Pikel


Message History

Pikel is severely wounded.
You miss Pikel.
Pikel is severely wounded.
Pikel barely misses you.
You hit Pikel but do no damage.
Pikel is severely wounded.
Pikel hits you with a +2 whip of flaming.
Pikel burns you.
* * * LOW HITPOINT WARNING * * *
Aiming: Bolt of Light
Press: ? - help, Shift-Dir - straight line, f/p - Pikel
Aim: Pikel, wielding a +2 whip of flaming and wearing a +0 robe (severely wounded, chance to confuse on hit: 63%, 64% to hit)
The bolt of light hits Pikel!
Pikel is almost dead.
Pikel is blinded.
The bolt of light misses the lemure.
The bolt of light hits the lemure!
The lemure is moderately wounded.
The lemure is blinded.
The bolt of light hits the lemure.
The lemure is moderately wounded.
The lemure is blinded.
The bolt of light hits the lemure!
The lemure is severely wounded.
The lemure is blinded.
Pikel closely misses you.
Unknown command.
You barely miss Pikel.
Pikel is almost dead.
Pikel hits you with a +2 whip of flaming.
* * * LOW HITPOINT WARNING * * *
Pikel burns you.
* * * LOW HITPOINT WARNING * * *
Aiming: Bolt of Light
Press: ? - help, Shift-Dir - straight line, f/p - Pikel
Aim: Pikel, wielding a +2 whip of flaming and wearing a +0 robe (almost dead, blind, chance to confuse on hit: 63%, 64% to hit)
The bolt of light misses Pikel.
The bolt of light hits the lemure!
The lemure is heavily wounded.
The lemure is blinded.
The bolt of light hits the lemure!
The lemure is severely wounded.
The bolt of light hits the lemure!
The lemure is severely wounded.
Pikel hits you with a +2 whip of flaming!
You die...

..<# #.# ##.# #..
#.# #.# #.# #5#
#.# #5# #.# #5#
#.# #5# ##.## #K#
#...############@#
#........>.......#
#...##############
#####


You could see Pikel (blind) and 4 lemures.

Vanquished Creatures
  2 bullfrogs (Sewer)
  Natasha (thrice) (D:2)
  An iguana (D:3)
  8 adders
  A river rat (D:3)
  A white imp (D:4)
  A worm (D:2)
  2 dart slugs
  4 orcs (D:3)
  14 ball pythons
  7 endoplasms
  17 giant cockroaches
  6 goblins
  4 hobgoblins
  5 jackals (D:3)
  17 quokkas
  6 bats
  10 frilled lizards
  3 kobolds (D:1)
  4 rats
116 creatures vanquished.

Vanquished Creatures (collateral kills)
  Sigmund (D:2)
  Crazy Yiuf (D:3)
2 creatures vanquished.

Vanquished Creatures (others)
  A fungus (D:3)
1 creature vanquished.

Grand Total: 119 creatures vanquished

Notes
Turn   | Place    | Note
-------+----------+-------------------------------------------
     0 | D:1      | mopl the Deep Elf Enchanter began the quest for the Orb.
     0 | D:1      | Reached XP level 1. HP: 10/10 MP: 6/6
   113 | D:1      | Reached XP level 2. HP: 14/15 MP: 8/8
   118 | D:1      | Learned a level 2 spell: Ensorcelled Hibernation
   303 | D:1      | Reached skill level 4 in Stealth
   661 | D:2      | Noticed Sigmund
   681 | D:2      | Reached XP level 3. HP: 19/19 MP: 7/10
   686 | D:2      | Learned a level 3 spell: Confusing Touch
   690 | D:2      | Learned a level 3 spell: Tukima's Dance
   727 | D:2      | Killed Sigmund
   728 | D:2      | Reached skill level 2 in Short Blades
   728 | D:2      | Reached skill level 5 in Stealth
   728 | D:2      | Reached skill level 4 in Spellcasting
   728 | D:2      | Reached skill level 5 in Hexes
   728 | D:2      | Reached XP level 4. HP: 20/24 MP: 9/12
   728 | D:2      | Reached XP level 5. HP: 23/28 MP: 9/13
   797 | D:2      | Learned a level 3 spell: Dazzling Flash
   919 | D:2      | Noticed Natasha
   929 | D:2      | Killed Natasha
   940 | D:2      | Noticed Natasha
   948 | D:2      | Killed Natasha
   953 | D:2      | Noticed Natasha
   963 | D:2      | Killed Natasha
   964 | D:2      | Reached skill level 3 in Short Blades
   964 | D:2      | Reached skill level 5 in Spellcasting
   964 | D:2      | Reached XP level 6. HP: 17/32 MP: 0/15
  1623 | D:3      | Found a glowing drain.
  1629 | Sewer    | Entered a sewer
  2061 | Sewer    | Reached skill level 6 in Hexes
  2378 | Sewer    | Reached skill level 6 in Stealth
  2378 | Sewer    | Reached XP level 7. HP: 24/36 MP: 12/17
  3202 | D:3      | Found a runed translucent door.
  3203 | D:3      | Noticed Crazy Yiuf
  3210 | D:3      | Killed Crazy Yiuf
  3302 | D:4      | Found an iron altar of Okawaru.
  3307 | D:4      | Noticed Menkaure
  3312 | D:4      | HP: 1/36 [Menkaure (21)]
  3466 | D:4      | Noticed Pikel
  3475 | D:4      | Reached skill level 6 in Spellcasting
  3485 | D:4      | Slain by Pikel

Illustrated notes

Levels and vault maps discovered:
D:1:      evilmike_arrival_fibonacci_small, layout_basic
D:2:      layout_rooms, uniq_sigmund, uniq_natasha
D:3:      layout_basic, portal_sewer_entry_e, uniq_crazy_yiuf_cottage
D:4:      layout_loops_ring, ashenzari_conservatory_becter,
          mainiacjoe_overflow_tiny_flanked, serial_rivers,
          chequers_serial_rivers_room_a, chequers_serial_rivers_large_b,
          chequers_serial_rivers_marsh, chequers_serial_rivers_room_b,
          kennysheep_generic_room_14, uniq_robin, uniq_ijyb, uniq_menkaure,
          uniq_pikel

Skill      XL: |  1  2  3  4  5  6  7 |
---------------+----------------------+-----
Stealth        | 4 5 6 |  6.2
Short Blades   | 2 3 |  3.8
Spellcasting   | 4 5 6 |  6.0
Hexes          | 5 6 |  6.5
Dodging        | |  2.4

Action                     |  1- 3 |  4- 6 |  7- 9 || total
---------------------------+-------+-------+-------++-------
  Melee: Dagger            |    75 |   319 |    36 ||   430
         Punch             |       |     3 |       ||     3
   Cast: Ensorcelled Hiber |     9 |    35 |     5 ||    49
         Tukima's Dance    |     1 |       |     1 ||     2
         Dazzling Flash    |       |     1 |       ||     1
         Confusing Touch   |       |       |     3 ||     3
  Evoke: Wand              |       |       |     2 ||     2
   Stab: Sleeping          |    14 |    25 |     9 ||    48
         Distracted        |       |     1 |       ||     1
         Confused          |       |       |     1 ||     1
 Armour: Robe              |    21 |   128 |     5 ||   154
  Dodge: Dodged            |    53 |   230 |    10 ||   293

Table legend: (Time is in decaauts)
 A = Elapsed time spent in this place.
 B = Non-inter-level travel time spent in this place.
 C = Inter-level travel time spent in this place.
 D = Time resting spent in this place.
 E = Time spent auto-exploring this place.
 F = Levels seen in this place.
 G = Mean time per level.
                   A        B        C        D        E       F      G
               +--------+--------+--------+--------+--------+-----+--------+
         Total |   3527 |   3437 |     90 |    492 |   1534 |   5 |  705.4 |
       Dungeon |   2664 |   2574 |     90 |    211 |   1409 |   4 |  666.0 |
         Sewer |    863 |    863 |      0 |    281 |    125 |   1 |  863.0 |
               +--------+--------+--------+--------+--------+-----+--------+

Top non-repeatable levels by time:
     D:3: 1301 daAuts
   Sewer: 863 daAuts
     D:2: 580 daAuts
     D:1: 577 daAuts
     D:4: 204 daAuts
